 Dungeon Crawl Stone Soup version 0.28-a0-823-gb444dcf96d (webtiles) character file.

Game seed: 1729759706898362691

285 bande the Covered (level 6, 37/38 HPs)
             Began as a Gargoyle Fighter on Nov 9, 2021.
             Quit the game on level 4 of the Dungeon.
             The game lasted 00:04:51 (2877 turns).

bande the Covered (Gargoyle Fighter)                Turns: 2877, Time: 00:04:51

Health: 37/38      AC: 11    Str: 20    XL:     6   Next: 29%
Magic:  6/6        EV:  9    Int:  9    God:
Gold:   160        SH:  4    Dex: 10    Spells: 5/5 levels left

rFire   + . .      SeeInvis +   a - +0 war axe
rCold   + . .      Faith    .   c - +0 buckler
rNeg    + . .      Spirit   .   b - +0 scale mail
rPois   ∞          Reflect  .   (no helmet)
rElec   +          Harm     .   j - scarf {rC+ rF+}
rCorr   .          Rampage  .   (no gloves)
Will    .....                   (no boots)
Stlth   ..........              (no amulet)
HPRegen 0.12/turn               g - ring of see invisible
MPRegen 0.10/turn               (no ring)

@: no status effects
A: sickness immunity, AC +4, negative energy resistance 1, electricity
resistance, torment resistance 1, petrification resistance, inability to read
while threatened
a: no special abilities


You were on level 4 of the Dungeon.
You visited 1 branch of the dungeon, and saw 4 of its levels.

You collected 160 gold pieces.

Inventory:

Hand Weapons
 a - a +0 war axe (weapon)
Armour
 b - a +0 scale mail (worn)
 c - a +0 buckler (worn)
 f - a +0 cloak
 h - a +0 kite shield
 j - a scarf of resistance (worn)
Jewellery
 g - a ring of see invisible (left hand)
Wands
 k - a wand of iceblast (4)
Scrolls
 e - a scroll of identify
 i - a scroll of fog
Potions
 d - a potion of might


   Skills:
 + Level 4.2 Fighting
 + Level 3.6(3.7) Axes
 - Level 1.1(2.5) Polearms
 + Level 4.4 Armour
 + Level 4.0 Shields
 * Level 1.4 Evocations


You had 5 spell levels left.
You didn't know any spells.
Your spell library contained the following spells:

 Spells                   Type           Power      Damage    Failure   Level
 Blink                    Tloc           0%         N/A       86%         2
 Lesser Beckoning         Tloc           0%         N/A       97%         3
 Manifold Assault         Tloc           0%         N/A       100%        5


Dungeon Overview and Level Annotations

Branches:
Dungeon (4/15)
 Temple: D:4-7

Altars:
Yredelemnul

Shops:
D:1 *


Innate Abilities, Weirdness & Mutations

You are immune to sickness and miasma.
Your stone body is resilient. (AC +4)
You are immune to poison.
You resist negative energy. (rN+)
You are resistant to electric shocks. (rElec)
You are resistant to unholy torment.
You are immune to petrification.
You sometimes lose the ability to read scrolls when taking damage.


Message History

The goblin is moderately wounded.
You block the goblin's attack. The goblin hits you with a +0 dagger.
You closely miss the goblin.
The goblin is moderately wounded.
You block the goblin's attack.
You hit the goblin.
The goblin is heavily wounded.
The goblin hits you but does no damage.
An adder skeleton comes into view.
You barely miss the goblin.
The goblin is heavily wounded.
The goblin hits you but does no damage. The goblin barely misses you.
You miss the goblin.
The goblin is moderately wounded.
The goblin hits you but does no damage.
You slash the goblin!
You kill the goblin!
The adder skeleton barely misses you.
You hit the adder skeleton.
The adder skeleton is lightly damaged.
The adder skeleton bites you but does no damage.
The adder skeleton barely misses you.
You closely miss the adder skeleton.
The adder skeleton is lightly damaged.
You block the adder skeleton's attack.
You slash the adder skeleton!
You destroy the adder skeleton!
No target in view!
No target in view!
No target in view!
No target in view!
No target in view!
Found a whip.
e - a scroll of identify You now have 160 gold pieces (gained 9).
Okay, then.
Really quaff the potion of mutation?
You feel extremely strange.
You lose the ability to read scrolls when threatened.
Are you sure you want to abandon this character and quit the game? (Confirm with "yes".)

.... .... .....
......
######......
#...........
#.#...####.. #
#.######... .#.
#.#@....... ....
#.#.#.....#
.....###.#.#.###..
...........#.#
)....##...#..#
≈###......).##
≈.........#.####
♣.........)......
≈................


There were no monsters in sight!

Vanquished Creatures
  A black bear (D:3)
  A phantom (D:3)
  A hound (D:3)
  A gnoll (D:1)
  2 adders
  An adder skeleton (D:4)
  A worm (D:3)
  2 dart slugs (D:3)
  4 orcs
  4 ball pythons
  5 endoplasms
  3 giant cockroaches
  3 goblins
  5 hobgoblins
  5 bats
  7 frilled lizards
  7 kobolds
  5 rats
58 creatures vanquished.

Vanquished Creatures (others)
  A plant (D:4)
1 creature vanquished.

Grand Total: 59 creatures vanquished

Notes
Turn   | Place    | Note
-------+----------+-------------------------------------------
     0 | D:1      | bande the Gargoyle Fighter began the quest for the Orb.
     0 | D:1      | Reached XP level 1. HP: 14/14 MP: 1/1
   528 | D:1      | Reached XP level 2. HP: 19/19 MP: 2/2
   555 | D:1      | Found Iroaza's General Store.
   639 | D:1      | Reached skill level 1 in Polearms
   965 | D:1      | Reached XP level 3. HP: 23/23 MP: 3/3
  1235 | D:2      | Found a faded altar of an unknown god.
  1821 | D:3      | Reached XP level 4. HP: 29/29 MP: 4/4
  2049 | D:3      | Noticed a black bear
  2068 | D:3      | HP: 1/29 [black bear (3)]
  2070 | D:3      | Killed a black bear
  2071 | D:3      | Reached skill level 1 in Evocations
  2071 | D:3      | Reached XP level 5. HP: 8/33 MP: 5/5
  2411 | D:3      | Noticed a phantom
  2420 | D:3      | Killed a phantom
  2421 | D:3      | Reached XP level 6. HP: 33/38 MP: 6/6
  2836 | D:4      | Found a basalt altar of Yredelemnul.
  2876 | D:4      | Gained mutation: You sometimes lose the ability to read
                  | scrolls when taking damage. [potion of mutation]
  2877 | D:4      | Quit the game

Illustrated notes

Levels and vault maps discovered:
D:1:      erik_arrival_triangle_medium, layout_basic, serial_shops, shop,
          minmay_misc_feat_chi
D:2:      layout_rooms, chequers_ecumenical_altar_island
D:3:      layout_rooms
D:4:      minmay_razor_zed, layout_rooms, yredelemnul_altar_generic,
          nicolae_wooded_promenade, serial_bayou_ford_a, uniq_edmund

Skill      XL: |  1  2  3  4  5 |
---------------+----------------+-----
Polearms       | 1 |  1.1
Axes           | 2 3 |  3.6
Fighting       | 4 |  4.2
Armour         | 4 |  4.4
Evocations     | 1 |  1.4
Shields        | 4 |  4.0

Action                   |  1- 3 |  4- 6 || total
-------------------------+-------+-------++-------
Melee: War axe           |    97 |    97 ||   194
  Use: Scroll            |     4 |     2 ||     6
       Potion            |       |     3 ||     3
Armor: Scale mail        |    57 |    66 ||   123
Dodge: Dodged            |    39 |    52 ||    91
Block: Buckler           |    20 |    28 ||    48

Table legend: (Time is in decaauts)
 A = Elapsed time spent in this place.
 B = Non-inter-level travel time spent in this place.
 C = Inter-level travel time spent in this place.
 D = Time resting spent in this place.
 E = Time spent auto-exploring this place.
 F = Levels seen in this place.
 G = Mean time per level.
                   A        B        C        D        E       F      G
               +--------+--------+--------+--------+--------+-----+--------+
         Total |   2954 |   2943 |     11 |    708 |   1603 |   4 |  738.5 |
       Dungeon |   2954 |   2943 |     11 |    708 |   1603 |   4 |  738.5 |
               +--------+--------+--------+--------+--------+-----+--------+

Top non-repeatable levels by time:
     D:1: 1068 daAuts
     D:3: 956 daAuts
     D:2: 877 daAuts
     D:4: 52 daAuts
